Islanders vs Capitals
Created - January 9, 2022 at 19:34
Goals
|
| Islanders |
2 |
2 |
4 |
8 |
| Capitals |
0 |
0 |
3 |
3 |
|
Shots
|
| Islanders |
9 |
12 |
17 |
38 |
| Capitals |
7 |
7 |
14 |
28 |
|
1st period
1. Islanders , Craig Smith 5 (Frans Nielsen 8, Evander Kane 16) at 8:33 (PP)
2. Islanders , Andrew Shaw 2 (Ryan Ellis 13) at 12:14
Penalties :
Michael Raffl (Was) for Slashing (Double Minor) at 8:03, Cameron Gaunce (Was) for Holding (Minor) at 18:09
2nd period
3. Islanders , Ryan Ellis 3 (Evander Kane 17, Jonathan Quick) at 4:14 (SH)
4. Islanders , Craig Smith 6 (Frans Nielsen 9) at 7:41 (PP)
Penalties :
Fedor Tyutin (NyI) for Cross-checking (Minor) at 2:46, Jared Spurgeon (Was) for Tripping (Minor) at 6:30, Jason Pominville (Was) for Tripping (Minor) at 10:32, Brian Ferlin (NyI) for Holding (Minor) at 14:35, Brent Burns (Was) for Roughing (Minor) at 17:08
3rd period
5. Capitals , Ryan Getzlaf 4 (Mark Stone 3, Mike Green 6) at 8:41
6. Capitals , Ryan Getzlaf 5 (Michael Raffl 1, Mark Stone 4) at 9:09
7. Islanders , Vladimir Tarasenko 13 (Evander Kane 18, Joe Thornton 11) at 10:58 (PP)
8. Capitals , Michael Raffl 1 (Mark Stone 5, Ryan Getzlaf 5) at 14:35
9. Islanders , Craig Smith 7 (Frans Nielsen 10, Pierre-Edouard Bellemare 1) at 16:03
10. Islanders , Craig Smith 8 (Frans Nielsen 11) at 17:42 (PP)
11. Islanders , Evander Kane 10 (Vladimir Tarasenko 8, Ryan Ellis 14) at 17:57
Penalties :
Jason Pominville (Was) for High sticking (Minor) at 0:22, Jason Pominville (Was) for Tripping (Minor) at 10:53, Derek Roy (Was) for Slashing (Minor) at 17:11
Goalie Stats
Jonathan Quick (NyI), 25 saves from 28 shots - (0.893), W, 9-2-3, 60:00 minutes
Keith Kinkaid (Was), 18 saves from 22 shots - (0.818), 32:19 minutes
Marc-André Fleury (Was), 12 saves from 16 shots - (0.750), L, 3-8-1, 27:41 minutes
Players Stats for Islanders
Player Name G A P +/- PIM S H SB GA TA FO MP PP MP PK MP
------------------------------------------------------------------------------------
Andrew Shaw 1 0 1 1 0 2 0 0 1 0 0/0 8:26 0:09 0:00
Brian Ferlin 0 0 0 0 2 1 1 0 0 0 0/0 10:03 0:00 0:00
Craig Smith 4 0 4 0 0 6 3 1 1 0 0/0 15:57 4:32 0:00
Evander Kane 1 3 4 -1 0 5 1 0 1 0 2/3 25:21 7:31 2:45
Fedor Tyutin 0 0 0 -1 2 4 1 1 0 0 0/0 29:21 8:02 1:18
Frans Nielsen 0 4 4 0 0 1 3 0 1 1 7/9 16:55 4:32 0:58
Jay Bouwmeester 0 0 0 2 0 2 0 1 3 0 0/0 20:40 4:10 1:47
Joe Thornton 0 1 1 -1 0 4 3 2 0 0 22/43 23:17 7:24 0:53
Justin Falk 0 0 0 0 0 1 0 1 0 1 0/0 9:35 0:00 0:53
Marc-Édouard Vlasic 0 0 0 0 0 0 0 0 0 0 0/0 7:59 0:00 0:00
Michael Latta 0 0 0 1 0 1 0 0 1 0 4/5 7:20 0:00 0:00
Paul Stastny 0 0 0 0 0 0 1 0 0 0 1/2 10:20 0:16 0:00
Pierre-Edouard Bellemare 0 1 1 0 0 0 1 0 0 1 1/1 15:55 4:32 0:00
Ryan Ellis 1 2 3 0 0 3 2 4 0 1 0/0 31:15 8:02 2:42
Sergei Plotnikov 0 0 0 2 0 0 0 0 0 0 0/0 7:57 0:00 0:35
Tomas Kundratek 0 0 0 1 0 3 1 1 0 3 0/0 20:09 4:10 1:16
Vladimir Tarasenko 1 1 2 -1 0 5 2 0 0 0 6/10 25:15 7:31 2:39
Zac Rinaldo 0 0 0 1 0 0 0 0 0 0 0/0 10:15 0:09 0:06
Players Stats for Capitals
Player Name G A P +/- PIM S H SB GA TA FO MP PP MP PK MP
------------------------------------------------------------------------------------
Alexei Marchenko 0 0 0 0 0 0 0 1 0 0 0/0 20:20 2:07 8:24
Blake Pietila 0 0 0 0 0 1 4 0 0 0 0/1 14:54 1:44 4:39
Brayden Point 0 0 0 0 0 0 0 0 0 0 3/5 12:31 1:44 2:11
Brent Burns 0 0 0 -1 2 1 0 2 1 1 0/0 19:27 2:07 3:16
Cameron Gaunce 0 0 0 -1 2 0 0 0 0 0 0/0 16:15 0:00 1:01
Derek Roy 0 0 0 -2 2 5 3 3 0 0 20/46 24:54 2:14 6:57
Jamie Benn 0 0 0 -1 0 4 0 0 1 0 3/3 15:56 0:00 0:18
Jared Spurgeon 0 0 0 0 2 0 0 0 0 1 0/0 8:52 0:00 0:00
Jason Pominville 0 0 0 -2 6 5 0 1 1 1 0/1 17:51 2:14 0:00
Joe Pavelski 0 0 0 0 0 0 1 0 0 0 0/0 15:54 0:00 7:15
Mark Stone 0 3 3 3 0 1 0 0 0 0 0/0 10:54 0:00 0:00
Michael Raffl 1 1 2 2 4 3 0 0 2 0 0/1 13:09 2:14 0:00
Mike Green 0 1 1 0 0 1 0 2 2 1 0/0 29:53 1:51 7:38
Patrick Sharp 0 0 0 -2 0 0 1 0 0 0 0/2 8:33 0:00 0:00
Ryan Getzlaf 2 1 3 3 0 4 0 0 0 0 3/8 14:01 0:00 3:04
Sean Monahan 0 0 0 -2 0 2 1 0 0 2 1/5 8:33 0:00 0:00
T.J. Oshie 0 0 0 -2 0 0 0 0 0 1 0/1 10:18 1:44 0:00
Victor Hedman 0 0 0 0 0 1 3 2 0 1 0/0 25:25 1:51 4:05
3 Stars
1 - Craig Smith (NyI)
2 - Ryan Ellis (NyI)
3 - Evander Kane (NyI)
Power Play
Islanders - 4 on 9 Attempt(s) - 44.44%
Capitals - 0 on 2 Attempt(s) - 0.00%
Penalty Kill
Islanders - 2 on 2 Attempt(s) - 100.00%
- Score 1 goal in Penalty Kill
Capitals - 5 on 9 Attempt(s) - 55.56%
- Score 0 goal in Penalty Kill
Team Stat
Islanders - Hits : 19 - Faceoff Wins : 43 - Blocked Shots : 11 - Penalty Minutes : 4
Capitals - Hits : 13 - Faceoff Wins : 30 - Blocked Shots : 11 - Penalty Minutes : 18
Official
Referees : Marc Joannette and Ian Walsh
Linesman : Kiel Murchison and Devin Berg
Game Notes
Keith Kinkaid enters game at 7:41 of 2nd period
Craig Smith has scored a Hat Trick!
Fedor Tyutin is injured at 19:50 of 3rd period (Abdominal Strain)
Finance
Level 1 -- Attendance: 5342 (89.03%) -- Ticket Income $534,200
Level 2 -- Attendance: 4972 (99.44%) -- Ticket Income $298,320
Level 3 -- Attendance: 2000 (100.00%) -- Ticket Income $70,000
Level 4 -- Attendance: 4000 (100.00%) -- Ticket Income $100,000
Luxury Box -- Attendance: 905 (90.50%) -- Ticket Income $181,000
Game was played at the Capital One Arena.
Total Attendance: 17219 (95.66%)
Total Ticket Income: $1,183,520
Other Income: $177,528
Total Income: $1,361,048
Islanders
5 vs 5 Forward
Center Left Wing Right Wing Time % Phy DF OF
1 Joe Thornton Evander Kane Vladimir Tarasenko 40 1 2 2
2 Frans Nielsen Pierre-Edouard Bellemare Craig Smith 30 1 2 2
3 Paul Stastny Zac Rinaldo Brian Ferlin 20 1 2 2
4 Michael Latta Sergei Plotnikov Andrew Shaw 10 1 2 2
5 vs 5 Defense
Defense Defense Time % Phy DF OF
1 Ryan Ellis Fedor Tyutin 40 1 2 2
2 Jay Bouwmeester Tomas Kundratek 30 1 2 2
3 Marc-Édouard Vlasic Justin Falk 20 1 2 2
4 Ryan Ellis Fedor Tyutin 10 1 2 2
PowerPlay Forward
Center Left Wing Right Wing Time % Phy DF OF
1 Joe Thornton Evander Kane Vladimir Tarasenko 60 1 2 2
2 Frans Nielsen Pierre-Edouard Bellemare Craig Smith 40 1 2 2
PowerPlay Defense
Defense Defense Time % Phy DF OF
1 Ryan Ellis Fedor Tyutin 60 1 2 2
2 Jay Bouwmeester Tomas Kundratek 40 1 2 2
Penalty Kill 4 Players Forward
Center Wing Time % Phy DF OF
1 Vladimir Tarasenko Evander Kane 60 1 2 2
2 Joe Thornton Frans Nielsen 40 1 2 2
Penalty Kill 4 Players Defense
Defense Defense Time % Phy DF OF
1 Ryan Ellis Fedor Tyutin 60 1 2 2
2 Jay Bouwmeester Tomas Kundratek 40 1 2 2
Penalty Kill - 3 Players Forward
Forward Time % Phy DF OF
1 Vladimir Tarasenko 60 1 2 2
2 Evander Kane 40 1 2 2
Penalty Kill - 3 Players Defense
Defense Defense Time % Phy DF OF
1 Ryan Ellis Fedor Tyutin 60 1 2 2
2 Jay Bouwmeester Tomas Kundratek 40 1 2 2
4 vs 4 Forward
Center Wing Time % Phy DF OF
1 Vladimir Tarasenko Evander Kane 60 1 2 2
2 Joe Thornton Frans Nielsen 40 1 2 2
4 vs 4 Defense
Defense Defense Time % Phy DF OF
1 Ryan Ellis Fedor Tyutin 60 1 2 2
2 Jay Bouwmeester Tomas Kundratek 40 1 2 2
Last Minutes Offensive
Center Left Wing Right Wing Defense Defense
Joe Thornton Evander Kane Vladimir Tarasenko Ryan Ellis Fedor Tyutin
Last Minutes Defensive
Center Left Wing Right Wing Defense Defense
Joe Thornton Evander Kane Vladimir Tarasenko Ryan Ellis Fedor Tyutin
Goaltenders
Starting : Jonathan Quick
Backup : Julien Ellis
Extra Forwards
Normal : Paul Stastny, Zac Rinaldo, Sergei Plotnikov - PP : Paul Stastny, Zac Rinaldo - PK : Sergei Plotnikov
Extra Defensemen
Normal : Marc-Édouard Vlasic, Justin Falk, Jay Bouwmeester - PP : Marc-Édouard Vlasic - PK : Justin Falk, Jay Bouwmeester
Penalty Shots
Vladimir Tarasenko, Evander Kane, Joe Thornton, Frans Nielsen, Paul Stastny
Scratches
Carl Klingberg (Healthy), Jiri Hudler (Healthy)
Capitals
5 vs 5 Forward
Center Left Wing Right Wing Time % Phy DF OF
1 Derek Roy Jamie Benn Jason Pominville 35 1 1 3
2 Ryan Getzlaf Michael Raffl Mark Stone 25 1 1 3
3 Brayden Point Blake Pietila Joe Pavelski 20 1 2 2
4 Sean Monahan Patrick Sharp T.J. Oshie 20 1 3 1
5 vs 5 Defense
Defense Defense Time % Phy DF OF
1 Victor Hedman Mike Green 40 1 2 2
2 Brent Burns Cameron Gaunce 30 1 2 2
3 Alexei Marchenko Jared Spurgeon 20 1 3 1
4 Victor Hedman Mike Green 10 1 1 3
PowerPlay Forward
Center Left Wing Right Wing Time % Phy DF OF
1 Derek Roy Michael Raffl Jason Pominville 60 1 1 3
2 Brayden Point Blake Pietila T.J. Oshie 40 1 1 3
PowerPlay Defense
Defense Defense Time % Phy DF OF
1 Mike Green Victor Hedman 60 1 2 2
2 Brent Burns Alexei Marchenko 40 1 2 2
Penalty Kill 4 Players Forward
Center Wing Time % Phy DF OF
1 Derek Roy Joe Pavelski 60 1 3 1
2 Ryan Getzlaf Blake Pietila 40 1 3 1
Penalty Kill 4 Players Defense
Defense Defense Time % Phy DF OF
1 Mike Green Alexei Marchenko 60 1 3 1
2 Victor Hedman Brent Burns 40 1 3 1
Penalty Kill - 3 Players Forward
Forward Time % Phy DF OF
1 Derek Roy 60 1 2 2
2 Ryan Getzlaf 40 1 2 2
Penalty Kill - 3 Players Defense
Defense Defense Time % Phy DF OF
1 Mike Green Brent Burns 60 1 2 2
2 Victor Hedman Alexei Marchenko 40 1 2 2
4 vs 4 Forward
Center Wing Time % Phy DF OF
1 Derek Roy Jason Pominville 60 1 2 2
2 Brayden Point Jamie Benn 40 1 2 2
4 vs 4 Defense
Defense Defense Time % Phy DF OF
1 Mike Green Brent Burns 60 1 2 2
2 Victor Hedman Alexei Marchenko 40 1 2 2
Last Minutes Offensive
Center Left Wing Right Wing Defense Defense
Derek Roy Brayden Point Jason Pominville Mike Green Victor Hedman
Last Minutes Defensive
Center Left Wing Right Wing Defense Defense
Derek Roy Ryan Getzlaf Joe Pavelski Mike Green Alexei Marchenko
Goaltenders
Starting : Marc-André Fleury
Backup : Keith Kinkaid
Extra Forwards
Normal : Jason Pominville, Brayden Point, T.J. Oshie - PP : Jason Pominville, Brayden Point - PK : Derek Roy
Extra Defensemen
Normal : Mike Green, Victor Hedman, Brent Burns - PP : Mike Green - PK : Mike Green, Alexei Marchenko
Penalty Shots
Brayden Point, Michael Raffl, Mark Stone, Mike Green, Victor Hedman
Scratches
Dustin Brown (Healthy), Trevor Daley (Healthy), William Karlsson (Healthy)
% Time on Ice - Islanders
Lines # - Real PCT - Wanted PCT - Time Play
Normal Forward
1 - 34% - 40% - 15:07
2 - 26% - 30% - 11:23
3 - 23% - 20% - 10:00
4 - 17% - 10% - 7:20
Normal Defense
1 - 44% - 40% - 19:19
2 - 34% - 30% - 14:43
3 - 19% - 20% - 8:25
4 - 3% - 10% - 1:23
PP Forward
1 - 63% - 60% - 7:40
2 - 37% - 40% - 4:32
PP Defense
1 - 66% - 60% - 8:02
2 - 34% - 40% - 4:10
PK Forward
1 - 78% - 60% - 3:05
2 - 22% - 40% - 0:53
PK Defense
1 - 68% - 60% - 2:42
2 - 32% - 40% - 1:16
PK3 Forward
1 - 0% - 60%
2 - 0% - 40%
PK3 Defense
1 - 0% - 60%
2 - 0% - 40%
44 Forward
1 - 0% - 60%
2 - 0% - 40%
44 Defense
1 - 0% - 60%
2 - 0% - 40%
Last Minute Offensive - 0:00
Last Minute Defensive - 0:00
Total
Forward - 60:00
Defense - 60:00
|
% Time on Ice - Capitals
Lines # - Real PCT - Wanted PCT - Time Play
Normal Forward
1 - 36% - 35% - 15:52
2 - 25% - 25% - 10:58
3 - 19% - 20% - 8:27
4 - 20% - 20% - 8:33
Normal Defense
1 - 44% - 40% - 19:11
2 - 33% - 30% - 14:33
3 - 20% - 20% - 8:53
4 - 3% - 10% - 1:13
PP Forward
1 - 56% - 60% - 2:14
2 - 44% - 40% - 1:44
PP Defense
1 - 47% - 60% - 1:51
2 - 53% - 40% - 2:07
PK Forward
1 - 75% - 60% - 9:08
2 - 25% - 40% - 3:04
PK Defense
1 - 63% - 60% - 7:38
2 - 37% - 40% - 4:34
PK3 Forward
1 - 0% - 60%
2 - 0% - 40%
PK3 Defense
1 - 0% - 60%
2 - 0% - 40%
44 Forward
1 - 0% - 60%
2 - 0% - 40%
44 Defense
1 - 0% - 60%
2 - 0% - 40%
Last Minute Offensive - 0:00
Last Minute Defensive - 0:00
Total
Forward - 60:00
Defense - 60:00
|
Play-by-Play
1st period
0:01 of 1st period - Derek Roy wins face-off versus Joe Thornton in neutral zone.
1:03 of 1st period - Slapshot by Brian Ferlin.
1:03 of 1st period - Shot Misses the Net.
1:10 of 1st period - Icing by Mike Green.
1:11 of 1st period - Michael Latta wins face-off versus Ryan Getzlaf in Capitals zone.
2:40 of 1st period - Wrist shot by Joe Pavelski.
2:40 of 1st period - Shot Misses the Net.
2:56 of 1st period - Slapshot by Sergei Plotnikov.
2:56 of 1st period - Shot Misses the Net.
3:13 of 1st period - Jay Bouwmeester is hit by Derek Roy and loses puck.
4:28 of 1st period - Snap shot by Paul Stastny.
4:28 of 1st period - Shot Misses the Net.
4:30 of 1st period - Slapshot by Justin Falk.
4:30 of 1st period - Stopped by Marc-André Fleury with a rebound.
4:32 of 1st period - Slapshot by Brian Ferlin.
4:32 of 1st period - Shot Misses the Net.
4:34 of 1st period - Snap shot by Brian Ferlin.
4:34 of 1st period - Shot Hit the Post.
4:46 of 1st period - Slapshot by Vladimir Tarasenko.
4:46 of 1st period - Shot Blocked by Brent Burns.
5:33 of 1st period - Ryan Getzlaf is hit by Craig Smith.
5:44 of 1st period - Mark Stone is hit by Craig Smith.
5:59 of 1st period - Derek Roy is hit by Brian Ferlin and loses puck.
6:14 of 1st period - Jason Pominville is hit by Joe Thornton and loses puck.
6:23 of 1st period - Snap shot by Evander Kane.
6:23 of 1st period - Shot Blocked by Derek Roy.
6:53 of 1st period - Wrist shot by Jason Pominville.
6:53 of 1st period - Shot Blocked by Justin Falk.
6:55 of 1st period - Wrist shot by Derek Roy.
6:55 of 1st period - Stopped by Jonathan Quick with a rebound.
6:57 of 1st period - Slapshot by Brent Burns.
6:57 of 1st period - Stopped by Jonathan Quick without a rebound.
6:58 of 1st period - Joe Thornton wins face-off versus Sean Monahan in Islanders zone.
7:12 of 1st period - Vladimir Tarasenko is hit by Patrick Sharp and loses puck.
7:33 of 1st period - Wrist shot by Frans Nielsen.
7:33 of 1st period - Stopped by Marc-André Fleury with a rebound.
7:53 of 1st period - Wrist shot by Brian Ferlin.
7:53 of 1st period - Shot Misses the Net.
7:55 of 1st period - Slapshot by Ryan Ellis.
7:55 of 1st period - Shot Blocked by Victor Hedman.
8:03 of 1st period - Double Minor Penalty to Michael Raffl for Slashing.
8:04 of 1st period - Derek Roy wins face-off versus Joe Thornton in Capitals zone.
8:19 of 1st period - Slapshot by Joe Pavelski.
8:19 of 1st period - Shot Misses the Net.
8:33 of 1st period - Snap shot by Frans Nielsen.
8:33 of 1st period - Deflect By Craig Smith.
8:33 of 1st period - Goal by Craig Smith - Islanders : 1 - Capitals : 0.
8:34 of 1st period - Joe Thornton wins face-off versus Derek Roy in neutral zone.
8:52 of 1st period - Icing by Joe Thornton.
8:53 of 1st period - Vladimir Tarasenko wins face-off versus Derek Roy in Islanders zone.
8:53 of 1st period - Vladimir Tarasenko is hit by Joe Pavelski.
9:05 of 1st period - Snap shot by Evander Kane.
9:05 of 1st period - Shot Misses the Net.
9:55 of 1st period - Derek Roy is hit by Frans Nielsen.
10:07 of 1st period - Wrist shot by Blake Pietila.
10:07 of 1st period - Stopped by Jonathan Quick with a rebound.
10:33 of 1st period - Penalty to Michael Raffl is over, Michael Raffl is back on ice.
11:15 of 1st period - Wrist shot by Michael Raffl.
11:15 of 1st period - Shot Misses the Net.
11:27 of 1st period - Wrist shot by Jason Pominville.
11:27 of 1st period - Stopped by Jonathan Quick without a rebound.
11:28 of 1st period - Jamie Benn wins face-off versus Michael Latta in Islanders zone.
11:34 of 1st period - Icing by Ryan Ellis.
11:35 of 1st period - Michael Latta wins face-off versus Derek Roy in Islanders zone.
11:56 of 1st period - Slapshot by Fedor Tyutin.
11:56 of 1st period - Shot Misses the Net.
11:58 of 1st period - Wrist shot by Fedor Tyutin.
11:58 of 1st period - Stopped by Marc-André Fleury with a rebound.
12:14 of 1st period - Snap shot by Andrew Shaw.
12:14 of 1st period - Goal by Andrew Shaw - Islanders : 2 - Capitals : 0.
12:15 of 1st period - Joe Thornton wins face-off versus Derek Roy in neutral zone.
12:31 of 1st period - Slapshot by Victor Hedman.
12:31 of 1st period - Stopped by Jonathan Quick without a rebound.
12:32 of 1st period - Frans Nielsen wins face-off versus Patrick Sharp in Islanders zone.
13:01 of 1st period - Wrist shot by Evander Kane.
13:01 of 1st period - Stopped by Marc-André Fleury with a rebound.
13:03 of 1st period - Wrist shot by Vladimir Tarasenko.
13:03 of 1st period - Stopped by Marc-André Fleury with a rebound.
14:03 of 1st period - Tomas Kundratek is hit by Blake Pietila and loses puck.
14:20 of 1st period - Snap shot by Craig Smith.
14:20 of 1st period - Stopped by Marc-André Fleury with a rebound.
14:42 of 1st period - T.J. Oshie is hit by Joe Thornton and loses puck.
16:08 of 1st period - Brayden Point is hit by Ryan Ellis and loses puck.
16:27 of 1st period - Off-side.
16:28 of 1st period - Joe Thornton wins face-off versus Derek Roy in neutral zone.
16:33 of 1st period - Derek Roy is hit by Tomas Kundratek and loses puck.
17:07 of 1st period - Wrist shot by Blake Pietila.
17:07 of 1st period - Shot Misses the Net.
17:25 of 1st period - Slapshot by Mike Green.
17:25 of 1st period - Deflect By Zac Rinaldo.
17:25 of 1st period - Stopped by Jonathan Quick without a rebound.
17:26 of 1st period - Joe Thornton wins face-off versus Jason Pominville in Islanders zone.
17:52 of 1st period - Frans Nielsen is hit by Victor Hedman and loses puck.
18:09 of 1st period - Minor Penalty to Cameron Gaunce for Holding.
18:10 of 1st period - Joe Thornton wins face-off versus Derek Roy in Capitals zone.
18:11 of 1st period - Snap shot by Evander Kane.
18:11 of 1st period - Stopped by Marc-André Fleury without a rebound.
18:12 of 1st period - Joe Thornton wins face-off versus Derek Roy in Capitals zone.
18:19 of 1st period - Snap shot by Evander Kane.
18:19 of 1st period - Shot Blocked by Derek Roy.
19:01 of 1st period - Snap shot by Ryan Getzlaf.
19:01 of 1st period - Stopped by Jonathan Quick with a rebound.
19:27 of 1st period - Vladimir Tarasenko is hit by Blake Pietila.
Goals for this period are 2 for Islanders vs 0 for Capitals.
Shots for this period are 9 for Islanders vs 7 for Capitals.
2nd period
0:01 of 2nd period - Derek Roy wins face-off versus Vladimir Tarasenko in neutral zone.
0:04 of 2nd period - Snap shot by Joe Pavelski.
0:04 of 2nd period - Shot Blocked by Ryan Ellis.
0:09 of 2nd period - Penalty to Cameron Gaunce is over, Cameron Gaunce is back on ice.
0:30 of 2nd period - Snap shot by Ryan Getzlaf.
0:30 of 2nd period - Shot Blocked by Craig Smith.
0:32 of 2nd period - Snap shot by Mark Stone.
0:32 of 2nd period - Shot Misses the Net.
0:34 of 2nd period - Wrist shot by Mark Stone.
0:34 of 2nd period - Deflect By Michael Raffl.
0:34 of 2nd period - Stopped by Jonathan Quick without a rebound.
0:35 of 2nd period - Jamie Benn wins face-off versus Joe Thornton in Islanders zone.
1:02 of 2nd period - Blake Pietila is hit by Frans Nielsen and loses puck.
1:11 of 2nd period - Wrist shot by Craig Smith.
1:11 of 2nd period - Stopped by Marc-André Fleury with a rebound.
1:13 of 2nd period - Wrist shot by Tomas Kundratek.
1:13 of 2nd period - Stopped by Marc-André Fleury with a rebound.
1:34 of 2nd period - Slapshot by Sean Monahan.
1:34 of 2nd period - Stopped by Jonathan Quick without a rebound.
1:35 of 2nd period - Joe Thornton wins face-off versus Derek Roy in Islanders zone.
1:46 of 2nd period - Wrist shot by Jason Pominville.
1:46 of 2nd period - Shot Blocked by Joe Thornton.
1:52 of 2nd period - Snap shot by Derek Roy.
1:52 of 2nd period - Stopped by Jonathan Quick without a rebound.
1:53 of 2nd period - Frans Nielsen wins face-off versus Ryan Getzlaf in Islanders zone.
2:46 of 2nd period - Minor Penalty to Fedor Tyutin for Cross-checking.
2:47 of 2nd period - Brayden Point wins face-off versus Vladimir Tarasenko in Islanders zone.
2:54 of 2nd period - Off-side.
2:55 of 2nd period - Vladimir Tarasenko wins face-off versus Brayden Point in neutral zone.
4:14 of 2nd period - Snap shot by Ryan Ellis.
4:14 of 2nd period - Deflect By Jason Pominville.
4:14 of 2nd period - Goal by Ryan Ellis - Islanders : 3 - Capitals : 0.
4:15 of 2nd period - Derek Roy wins face-off versus Evander Kane in neutral zone.
4:26 of 2nd period - Wrist shot by Jason Pominville.
4:26 of 2nd period - Deflect By Michael Raffl.
4:26 of 2nd period - Stopped by Jonathan Quick without a rebound.
4:27 of 2nd period - Derek Roy wins face-off versus Vladimir Tarasenko in Islanders zone.
4:28 of 2nd period - Snap shot by Jason Pominville.
4:28 of 2nd period - Stopped by Jonathan Quick with a rebound.
4:46 of 2nd period - Penalty to Fedor Tyutin is over, Fedor Tyutin is back on ice.
5:32 of 2nd period - Off-side.
5:33 of 2nd period - Michael Latta wins face-off versus Michael Raffl in neutral zone.
5:46 of 2nd period - Snap shot by Ryan Getzlaf.
5:46 of 2nd period - Stopped by Jonathan Quick with a rebound.
5:48 of 2nd period - Slapshot by Cameron Gaunce.
5:48 of 2nd period - Shot Misses the Net.
5:58 of 2nd period - Brent Burns is hit by Ryan Ellis.
6:01 of 2nd period - Off-side.
6:02 of 2nd period - Joe Thornton wins face-off versus Derek Roy in neutral zone.
6:21 of 2nd period - Slapshot by Vladimir Tarasenko.
6:21 of 2nd period - Shot Misses the Net.
6:23 of 2nd period - Wrist shot by Joe Thornton.
6:23 of 2nd period - Shot Misses the Net.
6:25 of 2nd period - Wrist shot by Tomas Kundratek.
6:25 of 2nd period - Stopped by Marc-André Fleury with a rebound.
6:30 of 2nd period - Minor Penalty to Jared Spurgeon for Tripping.
6:31 of 2nd period - Joe Thornton wins face-off versus Derek Roy in Capitals zone.
6:35 of 2nd period - Snap shot by Vladimir Tarasenko.
6:35 of 2nd period - Shot Misses the Net.
6:37 of 2nd period - Slapshot by Ryan Ellis.
6:37 of 2nd period - Stopped by Marc-André Fleury without a rebound.
6:38 of 2nd period - Derek Roy wins face-off versus Joe Thornton in Capitals zone.
7:31 of 2nd period - Snap shot by Evander Kane.
7:31 of 2nd period - Shot Misses the Net.
7:33 of 2nd period - Wrist shot by Evander Kane.
7:33 of 2nd period - Shot Misses the Net.
7:35 of 2nd period - Slapshot by Fedor Tyutin.
7:35 of 2nd period - Stopped by Marc-André Fleury without a rebound.
7:36 of 2nd period - Frans Nielsen wins face-off versus Ryan Getzlaf in Capitals zone.
7:41 of 2nd period - Slapshot by Craig Smith.
7:41 of 2nd period - Goal by Craig Smith - Islanders : 4 - Capitals : 0.
7:41 of 2nd period - Keith Kinkaid enters game.
7:42 of 2nd period - Frans Nielsen wins face-off versus Derek Roy in neutral zone.
7:53 of 2nd period - Frans Nielsen is hit by Derek Roy.
7:59 of 2nd period - Wrist shot by Jason Pominville.
7:59 of 2nd period - Shot Misses the Net.
8:38 of 2nd period - Slapshot by Sean Monahan.
8:38 of 2nd period - Shot Blocked by Tomas Kundratek.
9:59 of 2nd period - Snap shot by Jason Pominville.
9:59 of 2nd period - Shot Misses the Net.
10:21 of 2nd period - Off-side.
10:22 of 2nd period - Michael Latta wins face-off versus Sean Monahan in neutral zone.
10:25 of 2nd period - Slapshot by Tomas Kundratek.
10:25 of 2nd period - Stopped by Keith Kinkaid without a rebound.
10:26 of 2nd period - Joe Thornton wins face-off versus Derek Roy in Capitals zone.
10:32 of 2nd period - Minor Penalty to Jason Pominville for Tripping.
10:33 of 2nd period - Vladimir Tarasenko wins face-off versus Derek Roy in Capitals zone.
10:45 of 2nd period - Snap shot by Vladimir Tarasenko.
10:45 of 2nd period - Shot Blocked by Alexei Marchenko.
10:47 of 2nd period - Wrist shot by Vladimir Tarasenko.
10:47 of 2nd period - Deflect By Evander Kane.
10:47 of 2nd period - Stopped by Keith Kinkaid with a rebound.
11:55 of 2nd period - Brent Burns is hit by Frans Nielsen.
12:27 of 2nd period - Mike Green is hit by Pierre-Edouard Bellemare and loses puck.
12:32 of 2nd period - Penalty to Jason Pominville is over, Jason Pominville is back on ice.
14:35 of 2nd period - Minor Penalty to Brian Ferlin for Holding.
14:36 of 2nd period - Vladimir Tarasenko wins face-off versus Derek Roy in Islanders zone.
15:09 of 2nd period - Wrist shot by Derek Roy.
15:09 of 2nd period - Stopped by Jonathan Quick without a rebound.
15:10 of 2nd period - Vladimir Tarasenko wins face-off versus Blake Pietila in Islanders zone.
15:51 of 2nd period - Brent Burns is hit by Fedor Tyutin and loses puck.
16:35 of 2nd period - Penalty to Brian Ferlin is over, Brian Ferlin is back on ice.
16:45 of 2nd period - Icing by Ryan Getzlaf.
16:46 of 2nd period - Ryan Getzlaf wins face-off versus Paul Stastny in Capitals zone.
17:08 of 2nd period - Minor Penalty to Brent Burns for Roughing.
17:09 of 2nd period - Derek Roy wins face-off versus Joe Thornton in Capitals zone.
17:36 of 2nd period - Craig Smith is hit by Blake Pietila and loses puck.
18:57 of 2nd period - Pierre-Edouard Bellemare is hit by Derek Roy and loses puck.
19:08 of 2nd period - Penalty to Brent Burns is over, Brent Burns is back on ice.
19:41 of 2nd period - Off-side.
19:42 of 2nd period - Joe Thornton wins face-off versus Patrick Sharp in neutral zone.
19:45 of 2nd period - Slapshot by Jay Bouwmeester.
19:45 of 2nd period - Stopped by Keith Kinkaid without a rebound.
19:46 of 2nd period - Joe Thornton wins face-off versus Sean Monahan in Capitals zone.
19:49 of 2nd period - Slapshot by Vladimir Tarasenko.
19:49 of 2nd period - Stopped by Keith Kinkaid with a rebound.
19:51 of 2nd period - Wrist shot by Evander Kane.
19:51 of 2nd period - Stopped by Keith Kinkaid without a rebound.
19:52 of 2nd period - Joe Thornton wins face-off versus Sean Monahan in Capitals zone.
Goals for this period are 2 for Islanders vs 0 for Capitals.
Shots for this period are 12 for Islanders vs 7 for Capitals.
3rd period
0:01 of 3rd period - Joe Thornton wins face-off versus Derek Roy in neutral zone.
0:22 of 3rd period - Minor Penalty to Jason Pominville for High sticking.
0:23 of 3rd period - Vladimir Tarasenko wins face-off versus Derek Roy in Capitals zone.
0:32 of 3rd period - Snap shot by Vladimir Tarasenko.
0:32 of 3rd period - Deflect By Joe Thornton.
0:32 of 3rd period - Shot Blocked by Derek Roy.
0:32 of 3rd period - Puck is out of play.
0:33 of 3rd period - Derek Roy wins face-off versus Joe Thornton in Capitals zone.
0:46 of 3rd period - Joe Pavelski is hit by Evander Kane and loses puck.
2:22 of 3rd period - Penalty to Jason Pominville is over, Jason Pominville is back on ice.
3:31 of 3rd period - Victor Hedman is hit by Craig Smith and loses puck.
4:18 of 3rd period - Craig Smith is hit by Sean Monahan and loses puck.
4:29 of 3rd period - Pierre-Edouard Bellemare is hit by Victor Hedman and loses puck.
5:04 of 3rd period - Jamie Benn is hit by Paul Stastny and loses puck.
6:12 of 3rd period - Icing by Blake Pietila.
6:13 of 3rd period - Frans Nielsen wins face-off versus Derek Roy in Capitals zone.
6:14 of 3rd period - Slapshot by Ryan Ellis.
6:14 of 3rd period - Stopped by Keith Kinkaid with a rebound.
6:16 of 3rd period - Slapshot by Fedor Tyutin.
6:16 of 3rd period - Stopped by Keith Kinkaid without a rebound.
6:17 of 3rd period - Pierre-Edouard Bellemare wins face-off versus Derek Roy in Capitals zone.
6:22 of 3rd period - Slapshot by Ryan Ellis.
6:22 of 3rd period - Deflect By Craig Smith.
6:22 of 3rd period - Shot Misses the Net.
6:22 of 3rd period - Puck is out of play.
6:23 of 3rd period - Derek Roy wins face-off versus Joe Thornton in Capitals zone.
6:23 of 3rd period - Derek Roy is hit by Joe Thornton.
6:35 of 3rd period - Slapshot by Evander Kane.
6:35 of 3rd period - Deflect By Joe Thornton.
6:35 of 3rd period - Shot Blocked by Brent Burns.
6:35 of 3rd period - Puck is out of play.
6:36 of 3rd period - Derek Roy wins face-off versus Joe Thornton in Capitals zone.
6:36 of 3rd period - Derek Roy is hit by Vladimir Tarasenko.
7:47 of 3rd period - Snap shot by Jason Pominville.
7:47 of 3rd period - Stopped by Jonathan Quick with a rebound.
7:57 of 3rd period - Snap shot by Jamie Benn.
7:57 of 3rd period - Stopped by Jonathan Quick with a rebound.
8:03 of 3rd period - Snap shot by Jason Pominville.
8:03 of 3rd period - Shot Misses the Net.
8:11 of 3rd period - Snap shot by Michael Latta.
8:11 of 3rd period - Deflect By Andrew Shaw.
8:11 of 3rd period - Stopped by Keith Kinkaid with a rebound.
8:13 of 3rd period - Slapshot by Michael Latta.
8:13 of 3rd period - Stopped by Keith Kinkaid without a rebound.
8:14 of 3rd period - Brayden Point wins face-off versus Joe Thornton in Capitals zone.
8:27 of 3rd period - Wrist shot by Vladimir Tarasenko.
8:27 of 3rd period - Stopped by Keith Kinkaid without a rebound.
8:28 of 3rd period - Ryan Getzlaf wins face-off versus Joe Thornton in Capitals zone.
8:41 of 3rd period - Snap shot by Ryan Getzlaf.
8:41 of 3rd period - Deflect By Joe Thornton.
8:41 of 3rd period - Goal by Ryan Getzlaf - Islanders : 4 - Capitals : 1.
8:42 of 3rd period - Evander Kane wins face-off versus Brayden Point in neutral zone.
8:45 of 3rd period - Slapshot by Joe Thornton.
8:45 of 3rd period - Shot Blocked by Victor Hedman.
8:47 of 3rd period - Wrist shot by Joe Thornton.
8:47 of 3rd period - Stopped by Keith Kinkaid with a rebound.
8:49 of 3rd period - Wrist shot by Evander Kane.
8:49 of 3rd period - Shot Misses the Net.
8:51 of 3rd period - Slapshot by Fedor Tyutin.
8:51 of 3rd period - Shot Blocked by Mike Green.
8:53 of 3rd period - Wrist shot by Fedor Tyutin.
8:53 of 3rd period - Shot Misses the Net.
8:55 of 3rd period - Slapshot by Fedor Tyutin.
8:55 of 3rd period - Shot Blocked by Mike Green.
8:57 of 3rd period - Backhand shot by Ryan Ellis.
8:57 of 3rd period - Deflect By Vladimir Tarasenko.
8:57 of 3rd period - Stopped by Keith Kinkaid without a rebound.
8:58 of 3rd period - Ryan Getzlaf wins face-off versus Frans Nielsen in Capitals zone.
9:05 of 3rd period - Slapshot by Victor Hedman.
9:05 of 3rd period - Shot Misses the Net.
9:07 of 3rd period - Snap shot by Mark Stone.
9:07 of 3rd period - Shot Blocked by Ryan Ellis.
9:09 of 3rd period - Snap shot by Michael Raffl.
9:09 of 3rd period - Deflect By Ryan Getzlaf.
9:09 of 3rd period - Goal by Ryan Getzlaf - Islanders : 4 - Capitals : 2.
9:10 of 3rd period - Derek Roy wins face-off versus Joe Thornton in neutral zone.
9:13 of 3rd period - Slapshot by Victor Hedman.
9:13 of 3rd period - Shot Blocked by Ryan Ellis.
9:15 of 3rd period - Snap shot by Jason Pominville.
9:15 of 3rd period - Stopped by Jonathan Quick with a rebound.
9:17 of 3rd period - Snap shot by Jason Pominville.
9:17 of 3rd period - Stopped by Jonathan Quick without a rebound.
9:18 of 3rd period - Derek Roy wins face-off versus Vladimir Tarasenko in Islanders zone.
9:19 of 3rd period - Wrist shot by Jamie Benn.
9:19 of 3rd period - Shot Misses the Net.
9:21 of 3rd period - Wrist shot by Derek Roy.
9:21 of 3rd period - Deflect By Jamie Benn.
9:21 of 3rd period - Stopped by Jonathan Quick without a rebound.
9:22 of 3rd period - Derek Roy wins face-off versus Joe Thornton in Islanders zone.
9:25 of 3rd period - Slapshot by Jason Pominville.
9:25 of 3rd period - Shot Blocked by Joe Thornton.
9:27 of 3rd period - Wrist shot by Derek Roy.
9:27 of 3rd period - Stopped by Jonathan Quick with a rebound.
10:00 of 3rd period - Snap shot by Blake Pietila.
10:00 of 3rd period - Shot Misses the Net.
10:34 of 3rd period - Slapshot by Sean Monahan.
10:34 of 3rd period - Stopped by Jonathan Quick without a rebound.
10:35 of 3rd period - Derek Roy wins face-off versus Joe Thornton in Islanders zone.
10:53 of 3rd period - Minor Penalty to Jason Pominville for Tripping.
10:54 of 3rd period - Joe Thornton wins face-off versus Derek Roy in Capitals zone.
10:58 of 3rd period - Slapshot by Vladimir Tarasenko.
10:58 of 3rd period - Goal by Vladimir Tarasenko - Islanders : 5 - Capitals : 2.
10:59 of 3rd period - Jamie Benn wins face-off versus Joe Thornton in neutral zone.
11:05 of 3rd period - Off-side.
11:06 of 3rd period - Joe Thornton wins face-off versus Derek Roy in neutral zone.
11:11 of 3rd period - Snap shot by Evander Kane.
11:11 of 3rd period - Shot Misses the Net.
11:13 of 3rd period - Snap shot by Joe Thornton.
11:13 of 3rd period - Stopped by Keith Kinkaid with a rebound.
11:15 of 3rd period - Wrist shot by Joe Thornton.
11:15 of 3rd period - Stopped by Keith Kinkaid without a rebound.
11:16 of 3rd period - Derek Roy wins face-off versus Joe Thornton in Capitals zone.
12:32 of 3rd period - Wrist shot by Evander Kane.
12:32 of 3rd period - Deflect By Vladimir Tarasenko.
12:32 of 3rd period - Shot Misses the Net.
12:32 of 3rd period - Puck is out of play.
12:33 of 3rd period - Evander Kane wins face-off versus Derek Roy in Capitals zone.
13:16 of 3rd period - Icing by Tomas Kundratek.
13:17 of 3rd period - Frans Nielsen wins face-off versus T.J. Oshie in Islanders zone.
13:28 of 3rd period - Slapshot by Jay Bouwmeester.
13:28 of 3rd period - Stopped by Keith Kinkaid with a rebound.
14:05 of 3rd period - Off-side.
14:06 of 3rd period - Paul Stastny wins face-off versus Ryan Getzlaf in neutral zone.
14:33 of 3rd period - Wrist shot by Mark Stone.
14:33 of 3rd period - Stopped by Jonathan Quick with a rebound.
14:35 of 3rd period - Slapshot by Michael Raffl.
14:35 of 3rd period - Goal by Michael Raffl - Islanders : 5 - Capitals : 3.
14:36 of 3rd period - Joe Thornton wins face-off versus Derek Roy in neutral zone.
14:39 of 3rd period - Derek Roy is hit by Vladimir Tarasenko and loses puck.
15:07 of 3rd period - Craig Smith is hit by Blake Pietila and loses puck.
15:19 of 3rd period - Icing by Tomas Kundratek.
15:20 of 3rd period - Sean Monahan wins face-off versus Frans Nielsen in Islanders zone.
16:03 of 3rd period - Wrist shot by Craig Smith.
16:03 of 3rd period - Goal by Craig Smith - Islanders : 6 - Capitals : 3.
16:04 of 3rd period - Joe Thornton wins face-off versus Derek Roy in neutral zone.
16:15 of 3rd period - Snap shot by Evander Kane.
16:15 of 3rd period - Shot Misses the Net.
16:17 of 3rd period - Slapshot by Fedor Tyutin.
16:17 of 3rd period - Stopped by Keith Kinkaid with a rebound.
16:31 of 3rd period - Fedor Tyutin is hit by Victor Hedman and loses puck.
16:54 of 3rd period - Wrist shot by T.J. Oshie.
16:54 of 3rd period - Shot Blocked by Ryan Ellis.
17:02 of 3rd period - Slapshot by Brian Ferlin.
17:02 of 3rd period - Stopped by Keith Kinkaid without a rebound.
17:03 of 3rd period - Derek Roy wins face-off versus Joe Thornton in Capitals zone.
17:11 of 3rd period - Minor Penalty to Derek Roy for Slashing.
17:12 of 3rd period - Brayden Point wins face-off versus Joe Thornton in Capitals zone.
17:42 of 3rd period - Snap shot by Craig Smith.
17:42 of 3rd period - Goal by Craig Smith - Islanders : 7 - Capitals : 3.
17:43 of 3rd period - Derek Roy wins face-off versus Joe Thornton in neutral zone.
17:45 of 3rd period - Off-side.
17:46 of 3rd period - Joe Thornton wins face-off versus Derek Roy in neutral zone.
17:57 of 3rd period - Snap shot by Vladimir Tarasenko.
17:57 of 3rd period - Deflect By Evander Kane.
17:57 of 3rd period - Goal by Evander Kane - Islanders : 8 - Capitals : 3.
17:58 of 3rd period - Derek Roy wins face-off versus Joe Thornton in neutral zone.
18:08 of 3rd period - Wrist shot by Jamie Benn.
18:08 of 3rd period - Deflect By Derek Roy.
18:08 of 3rd period - Shot Misses the Net.
18:08 of 3rd period - Puck is out of play.
18:09 of 3rd period - Derek Roy wins face-off versus Joe Thornton in Islanders zone.
18:16 of 3rd period - Slapshot by Jamie Benn.
18:16 of 3rd period - Stopped by Jonathan Quick without a rebound.
18:17 of 3rd period - Derek Roy wins face-off versus Joe Thornton in Islanders zone.
18:26 of 3rd period - Wrist shot by Derek Roy.
18:26 of 3rd period - Stopped by Jonathan Quick with a rebound.
18:40 of 3rd period - Wrist shot by Vladimir Tarasenko.
18:40 of 3rd period - Shot Blocked by Jason Pominville.
18:42 of 3rd period - Wrist shot by Joe Thornton.
18:42 of 3rd period - Stopped by Keith Kinkaid without a rebound.
18:43 of 3rd period - Frans Nielsen wins face-off versus Ryan Getzlaf in Capitals zone.
19:10 of 3rd period - Wrist shot by Joe Pavelski.
19:10 of 3rd period - Shot Blocked by Jay Bouwmeester.
19:32 of 3rd period - Wrist shot by Jamie Benn.
19:32 of 3rd period - Stopped by Jonathan Quick without a rebound.
19:33 of 3rd period - Joe Thornton wins face-off versus Derek Roy in Islanders zone.
19:50 of 3rd period - Wrist shot by Jason Pominville.
19:50 of 3rd period - Shot Blocked by Fedor Tyutin.
19:50 of 3rd period - Fedor Tyutin from Islanders is injured at 19:50 of 3rd period (Abdominal Strain).
19:51 of 3rd period - Joe Thornton wins face-off versus Derek Roy in Islanders zone.
Goals for this period are 4 for Islanders vs 3 for Capitals.
Shots for this period are 17 for Islanders vs 14 for Capitals.